 Dungeon Crawl Stone Soup version 0.26.0-10-g1f06aea511 (webtiles) character file.

Game seed: 2197213305550368750

113 Dracia the Ruffian (level 4, 35/35 HPs)
             Began as a Demonspawn Fighter on Jan 19, 2021.
             Quit the game on level 1 of the Dungeon.
             The game lasted 00:03:37 (2609 turns).

Dracia the Ruffian (Demonspawn Fighter)             Turns: 2609, Time: 00:03:38

Health: 35/35      AC:  4    Str: 18    XL:     4   Next: 65%
Magic:  4/4        EV: 11    Int: 15    God:
Gold:   95         SH:  0    Dex: 12    Spells: 3/3 levels left

rFire    . . .     SeeInvis .     - Unarmed
rCold    . . .     Faith    .   (no shield)
rNeg     . . .     Spirit   .   m - +1 leather armour
rPois    .         Reflect  .   (no helmet)
rElec    .         Harm     .   (no cloak)
rCorr    .         Rampage  .   (no gloves)
Will     .....                  (no boots)
Stlth    +.........             (no amulet)
HPRegen  0.11/turn              (no ring)
MPRegen  0.09/turn              I - +6 ring of intelligence

@: no status effects
A: claws 2, sanguine armour 1
a: no special abilities


You were on level 1 of the Dungeon.
You visited 1 branch of the dungeon, and saw 3 of its levels.

You collected 95 gold pieces.


Innate Abilities, Weirdness & Mutations

You have very sharp fingernails.
When seriously injured, your bleeding wounds create armour. (AC +0)


   Skills:
 - Level 3.0 Fighting
 - Level 1.7 Short Blades
 - Level 2.9 Armour
 - Level 0.6 Dodging
 - Level 2.9 Shields
 + Level 3.5 Unarmed Combat


You had 3 spell levels left.
You didn't know any spells.
Your spell library was empty.

Inventory:

Missiles
 j - 6 datura-tipped darts (quivered)
Armour
 b - a +0 scale mail
 c - a +0 kite shield
 m - a +1 leather armour (worn)
Jewellery
 t - an uncursed ring of teleportation
 I - a +6 ring of intelligence (right claw)
Scrolls
 e - a scroll of identify {@r1@r1}
 f - 2 scrolls of magic mapping
 h - a scroll of remove curse {@r2@r2}
Potions
 a - 4 potions of heal wounds {unknown}
 d - a potion of might
 l - 3 potions of curing {@q1@q1}
 n - a potion of berserk rage {unknown}
 p - a potion of resistance {unknown}

Dungeon Overview and Level Annotations

Branches:
Dungeon (3/15)

Altars:
Fedhas

Annotations:
D:2 1 runed translucent door, Crazy Yiuf
D:3 Sigmund

## #....##.......#...#....# #....
.# #....##....#..#####....#######
.# #....##....#..# #.............
.# #.............# #.............
.# ###...........# #.............
)# #...........# #..........)..
.# #...........# #.............
.# #.....#.##..###....#########
.#####.....#.#..@.......########
.†.........))..................##
................................#
....................###...#.#.#.#
......##.#######'#### #....#.#.#.
......##.# #.# #...#.#.#.#
......##.# #.# #....#.#.#.
########.# #.# #...#.#.#.# #.#
#.# #....#.#.#.


There were no monsters in sight!


Message History

The jackal barks!
The jackal bites you but does no damage.
The orc closely misses you. The jackal misses you.
There is a stone staircase leading up here.
The jackal barks!
The jackal barely misses you. The orc completely misses you.
You climb upwards.
Level annotation: 1 runed translucent door, Crazy Yiuf
There is a stone staircase leading down here.
Unknown command.
You scratch the jackal.
The jackal is severely wounded.
The jackal closely misses you. The jackal misses you.
You scratch the jackal.
The jackal is almost dead.
The jackal bites you but does no damage.
You claw the jackal!
You kill the jackal!
You start waiting.
Done waiting.
(D) Dungeon
Where to? (Enter - D:3, ? - help)
There is a stone staircase leading up here.
You climb upwards.
There is a stone staircase leading down here.
Are you sure you want to abandon this character and quit the game? (Confirm with "yes".)
Okay, then.
Unknown command.
Unknown command.
Are you sure you want to abandon this character and quit the game? (Confirm with "yes".)

Skill      XL: |  1  2  3  4 |
---------------+-------------+-----
Unarmed Combat | 1 2 3 |  3.5
Fighting       | |  3.0
Short Blades   | |  1.7
Armour         | |  2.9
Dodging        | |  0.6
Shields        | |  2.9

Action                   |  1- 3 |  4- 6 || total
-------------------------+-------+-------++-------
Melee: Rapier            |    30 |       ||    30
       Unarmed           |   125 |    32 ||   157
       Punch             |       |     1 ||     1
  Use: Scroll            |       |     6 ||     6
Armor: Scale mail        |    76 |       ||    76
       Leather armour    |    18 |     6 ||    24
Dodge: Dodged            |    79 |    21 ||   100
Block: Kite shield       |    29 |       ||    29

Levels and vault maps discovered:
D:1:      dpeg_arrival_refuge, layout_basic, chequers_serial_rivers_marsh,
          minivault_23
D:2:      layout_loops_ring, nicolae_overflow_crystal_walls, uniq_jessica,
          uniq_crazy_yiuf_cottage
D:3:      layout_loops_ring, nicolae_tso_swordbearing_angel, elyvilon_altar_3,
          uniq_sigmund, uniq_ijyb

Notes
Turn   | Place    | Note
-------+----------+-------------------------------------------
     0 | D:1      | Dracia the Demonspawn Fighter began the quest for the Orb.
     0 | D:1      | Reached XP level 1. HP: 18/18 MP: 1/1
   245 | D:1      | Gained mutation: You have sharp fingernails. [demonic
                  | ancestry]
   245 | D:1      | Reached XP level 2. HP: 18/24 MP: 2/2
   440 | D:1      | You fall into a shaft and drop 1 floor!
   575 | D:2      | Reached skill level 1 in Unarmed Combat
   783 | D:2      | Found a blossoming altar of Fedhas.
   840 | D:2      | Gained mutation: When seriously injured, your bleeding
                  | wounds create armour. (AC +0) [demonic ancestry]
   840 | D:2      | Reached XP level 3. HP: 29/29 MP: 3/3
  1129 | D:2      | Noticed Jessica
  1133 | D:2      | Killed Jessica
  1134 | D:2      | Reached skill level 2 in Unarmed Combat
  1276 | D:1      | Gained mutation: You have very sharp fingernails. [demonic
                  | ancestry]
  1276 | D:1      | Reached XP level 4. HP: 15/35 MP: 4/4
  1791 | D:1      | Reached skill level 3 in Unarmed Combat
  2079 | D:2      | Found a runed translucent door.
  2080 | D:2      | Noticed Crazy Yiuf
  2336 | D:3      | Noticed Sigmund
  2609 | D:1      | Quit the game

Vanquished Creatures
  An orc priest (D:2)
  Jessica (D:2)
  An adder (D:2)
  A leopard gecko (D:1)
  2 orcs (D:2)
  A ball python (D:2)
  6 bats
  2 giant cockroaches
  6 hobgoblins
  7 jackals
  5 frilled lizards
  5 goblins
  3 kobolds (D:1)
  5 rats (D:1)
46 creatures vanquished.

Table legend: (Time is in decaauts)
 A = Elapsed time spent in this place.
 B = Non-inter-level travel time spent in this place.
 C = Inter-level travel time spent in this place.
 D = Time resting spent in this place.
 E = Time spent auto-exploring this place.
 F = Levels seen in this place.
 G = Mean time per level.
                   A        B        C        D        E       F      G
               +--------+--------+--------+--------+--------+-----+--------+
         Total |   2615 |   2475 |    140 |    676 |   1441 |   3 |  871.7 |
       Dungeon |   2615 |   2475 |    140 |    676 |   1441 |   3 |  871.7 |
               +--------+--------+--------+--------+--------+-----+--------+

Top non-repeatable levels by time:
     D:2: 1418 daAuts
     D:1: 1192 daAuts
     D:3: 4 daAuts

Table legend:
 A = Non-vault XP
 B = Vault XP
 C = Vault XP percentage of total XP
 D = Non-vault monster count
 E = Vault monster count
 F = Vault count percentage of total count
                 A         B        C        D         E       F
            +---------+---------+-------+---------+---------+-------
      Total |     125 |      37 |  22.8 |      45 |       1 |   2.2
            +---------+---------+-------+---------+---------+-------
        D:1 |      46 |       0 |   0.0 |      29 |       0 |   0.0
        D:2 |      79 |      37 |  31.9 |      16 |       1 |   5.9
            +---------+---------+-------+---------+---------+-------
